AoeStats
← Blasius

Arena

510124555Analyzed
1v1 RM · 2d ago on Sep 29, 2026· 25m 0s· 2 players
Game mode
Random Map
Map size
Tiny (2 player)
Population
200
Speed
Normal
Resources
Standard
Victory
Conquest
Starting age
Dark Age
Ending age
Imperial Age
RankedLock teamsTeams togetherTeam positionsShared explorationLock speedFull tech treeHidden civsTurbo modeCheats
Victory
Defeat
🇦🇹 Bulgarians · Austria
1038
+16
🇳🇿 Burgundians · New Zealand
1036
-16
Wrecking Ball Paul
9:03 Double-Bit Axe
11:56 Feudal Age
10:09 Horse Collar
13:05 Bow Saw
18:07 Castle Age
16:11 Gold Mining
17:40 Heavy Plow
18:19 Gold Shaft Mining
Blasius
2:43 Loom
12:27 Feudal Age
16:15 Castle Age
17:04 Fletching
17:28 Bodkin Arrow
18:39 Forging
25:48 Wheelbarrow
Connection lost

Rejoining the realm…

Still unreachable

The connection could not be restored.

Session expired

The server has moved on; the page needs a fresh start.